 Dungeon Crawl Stone Soup version bcrawl-1.36 (webtiles) character file.

Game seed: 7074276131766803061

144667 digdongdog the Skirmisher (level 3, 0/42 HPs)
             Began as an Ent Fighter on Apr 13, 2022.
             Slain by a worm (6 damage)
             ... on level 2 of the Dungeon.
             The game lasted 00:01:05 (968 turns).

digdongdog the Skirmisher (Ent Fighter)              Turns: 968, Time: 00:01:06

Health: 0/42       AC: 10    Str: 24    XL:     3   Next: 55%
Magic:  3/3        EV:  7    Int:  8    God:
Gold:   99         SH:  9    Dex:  9    Spells: 2/2 levels left

rFire    . . .     SeeInvis .   a - +0 flail
rCold    . . .     Gourm    .   b - +0 medium shield
rNeg     + + +     Faith    .   (armour unavailable)
rPois    +         Spirit   .   (helmet restricted)
rElec    .         Reflect  .   (no cloak)
rCorr    .                      (gloves unavailable)
MR       .....                  (boots unavailable)
Stlth    +.........             (no amulet)
HPRegen  0.14/turn              (no ring)
MPRegen  0.08/turn              (no ring)

@: very slow
A: large, slow actions, passwall, strong branches, negative energy resistance 3,
poison resistance, slow metabolism 1, torment resistance, unbreathing, AC +10
a: Passwall


You were on level 2 of the Dungeon.
You were not hungry.

You visited 1 branch of the dungeon, and saw 2 of its levels.

You collected 99 gold pieces.

Inventory:

Hand Weapons
 a - a +0 flail (weapon)
Armour
 b - a +0 medium shield (worn)
Jewellery
 g - an uncursed amulet of faith {unknown}
Scrolls
 f - 2 scrolls of teleportation {unknown}
 h - a scroll of fear {unknown}
 i - a scroll of identify
 l - a scroll of enchant weapon {unknown}
Potions
 c - a potion of might
 d - a potion of heal wounds {unknown}
 j - a potion of mutation {unknown}
Comestibles
 e - 2 rations {!d}
 k - 3 chunks of flesh


   Skills:
 + Level 4.0 Fighting
 + Level 3.4 Maces & Flails
 - Level 2.6 Dodging
 + Level 2.9 Shields


You had 2 spell levels left.
You didn't know any spells.
Your spell library was empty.

Dungeon Overview and Level Annotations

Branches:
Dungeon (2/12)

Altars:


Innate Abilities, Weirdness & Mutations

You move and act slowly.
You can pass through walls and trees.
Your branches can wield two-handed weapons with a shield.
Your thick bark is tough. (AC +10)
You are too large for most types of armour.
You are immune to negative energy. (rN+++)
Your system is resistant to poisons. (rPois)
You have a slow metabolism.
You are immune to unholy pain and torment.
You can survive without breathing.


Message History

A worm is nearby!
A worm is nearby!
Things that are here:
3 chunks of flesh; a hobgoblin skeleton
k - 4 chunks of flesh (gained 3)
You open the door.
There is an open door here.
You close the door.
You start resting.
Eating one of 4 chunks of flesh.
You eat one of the 4 chunks of flesh.
This raw flesh tastes terrible.
The worm is too close now for your liking.
You barely miss the worm. The worm bites you.
You hit the worm.
The worm is lightly wounded.
The worm bites you!
* * * LOW HITPOINT WARNING * * *
You hit the worm.
The worm is lightly wounded.
The worm bites you.
You die...

................#
................#
................#
.......†.w......#
.......%........#
........÷.......# .#
................# #.#
.......#+######.# #.#.#
.......#@# #.# #.#.#
.......w.# #.# #.#.#
#.....#########.###.#.##.
#...!. #..............
.... #...........##. ..
#...........##. .
#..............
#..............
#..............


You could see a worm.

Vanquished Creatures
  An ooze (D:1)
  3 worms
  A dart slug (D:1)
  2 leopard geckos
  6 giant cockroaches
  3 goblins (D:1)
  4 hobgoblins
  4 kobolds (D:1)
  2 bats (D:1)
  A frilled lizard (D:1)
  4 rats (D:1)
31 creatures vanquished.

Notes
Turn   | Place    | Note
-------+----------+-------------------------------------------
     0 | D:1      | digdongdog the Ent Fighter began the quest for the Orb.
     0 | D:1      | Reached XP level 1. HP: 25/25 MP: 1/1
   196 | D:1      | Reached XP level 2. HP: 33/33 MP: 2/2
   552 | D:1      | Reached XP level 3. HP: 42/42 MP: 3/3
   947 | D:2      | Reached skill level 4 in Fighting
   968 | D:2      | Slain by a worm

Skill      XL: |  1  2  3 |
---------------+----------+-----
Maces & Flails | 3 |  3.4
Fighting       | 4 |  4.0
Dodging        | |  2.6
Shields        | |  2.9

Action                   || total
-------------------------++-------
Melee: Flail             ||   136
 Stab: Sleeping          ||     1
  Eat: Chunk             ||     5
Armor: Skin              ||    86
Dodge: Dodged            ||    49
Block: Medium shield     ||    87
